 Dungeon Sprint DCSS version 0.31-a0-4-gefa6de2278 (webtiles) character file.

Game seed: 785764418312873948

1100000 sircluck the Slayer (level 14, -12/162 HPs)
             Began as a Hill Orc Fighter on May 4, 2023.
             Mangled by a meat berserker
             ... wielding a +9 battleaxe
              (67 damage)
             ... in the Dungeon (Sprint VIII: "Arena of Blood").
             The game lasted 00:00:30 (11 turns).

sircluck the Slayer (Hill Orc Fighter)                Turns: 11, Time: 00:00:32

Health: -12/162    AC: 12    Str: 20    XL:     14   Next: 43%
Magic:  14/14      EV: 10    Int:  8    God:
Gold:   0          SH:  0    Dex: 14    Spells: 13/13 levels left

rFire   . . .        k - +∞ Axe of Woe
rCold   . . .        (shield currently unavailable)
rNeg    . . .        b - +0 scale mail
rPois   .            (no helmet)
rElec   .            (no cloak)
rCorr   .            (no gloves)
SInv    .            (no boots)
Will    +....        (no amulet) Stlth
                     (no ring)
HPRegen 0.47/turn    (no ring)
MPRegen 0.14/turn

%: no teleportation
@: no status effects
A: no striking features
a: no special abilities


You were in the Dungeon.
You visited 1 branch

Inventory:

Hand Weapons
 a - a +0 war axe
 k - the +∞ Axe of Woe (weapon)
   (You found it in the Dungeon)
Armour
 b - a +0 scale mail (worn)
 c - a +0 buckler
Scrolls
 j - a scroll of blinking
Potions
 d - a potion of might
 e - a potion of curing
 f - a potion of heal wounds
 g - a potion of haste
 h - 2 potions of magic
 i - a potion of berserk rage


   Skills:
 + Level 25.3 Fighting
 + Level 21.5 Axes
 + Level 22.3 Armour
 + Level 22.0 Shields


You had 13 spell levels left.
You didn't know any spells.
Your spell library was empty.

Dungeon Overview and Level Annotations

Branches:
Dungeon (1/1)

Altars:
Makhleb


Message History

You have reached level 7!
You have reached level 8!
You have reached level 9!
Your experience leads to an increase in your attributes!
Increase (S)trength, (I)ntelligence, or (D)exterity?
You feel agile. x2
You have reached level 10!
You feel stronger.
You have reached level 11!
You have reached level 12!
You have reached level 13!
Unknown command.
Unknown command.
You cut the bag of meat into ribbons!!!
You cleave the bag of meat in twain.
You kill the bag of meat!
You slash the bag of meat!
You slaughter the bag of meat joyfully.
You kill the bag of meat!
You hear a shout! x8
The meat berserker hits you with a +9 battleaxe!!
You hear a shout! x2
Your Fighting skill gained 2 levels and is now at level 25!
Your Axes skill gained 2 levels and is now at level 21!
Your Armour skill gained 2 levels and is now at level 22!
Your Shields skill gained 2 levels and is now at level 22!
You have reached level 14!
Unknown command.
Unknown command.
Unknown command.
Unknown command.
Unknown command.
Unknown command.
Unknown command.
The meat berserker attacks as you move away!
The meat berserker hits you with a +9 battleaxe!!!
The meat berserker rages.
You hear a shout! x2
A bag of meat comes into view. It is wielding a +9 war axe.
You hear a shout!
The meat berserker hits you with a +9 battleaxe!!!
You die...

..... .. #...
.# . #O.. ..#
..###... ..###.
.....o###......
..o.._......
#)))..# #@.O._#
#O.)..#
...o._.O....
......###......
..###... ..###.
. #... ..# #...
.# o.... ..


You could see 4 meat berserkers and 4 bags of meat.

Vanquished Creatures
  An ogre (D)
  5 orcs (D)
6 creatures vanquished.

Notes
Turn   | Place    | Note
-------+----------+-------------------------------------------
     0 | D        | Found the +∞ Axe of Woe
     0 | D        | sircluck the Hill Orc Fighter began the quest for the Orb.
     0 | D        | Reached XP level 1. HP: 19/19 MP: 1/1
     1 | D        | Noticed a bag of meat
     1 | D        | Noticed a bag of meat
     2 | D        | Noticed a bag of meat
     3 | D        | Noticed a bag of meat
     3 | D        | Noticed a bag of meat
     4 | D        | Noticed a meat berserker
     4 | D        | Noticed a bag of meat
     7 | D        | Noticed a bag of meat
     8 | D        | Noticed a meat berserker
     8 | D        | Noticed a bag of meat
     9 | D        | Noticed a meat berserker
     9 | D        | Killed a meat berserker
     9 | D        | Killed a bag of meat
     9 | D        | Killed a bag of meat
     9 | D        | Killed a bag of meat
     9 | D        | Noticed a meat berserker
     9 | D        | Noticed a meat berserker
    10 | D        | Reached skill level 23 in Fighting
    10 | D        | Reached XP level 2. HP: 62/62 MP: 2/2
    10 | D        | Reached XP level 3. HP: 70/70 MP: 3/3
    10 | D        | Reached XP level 4. HP: 78/78 MP: 4/4
    10 | D        | Reached XP level 5. HP: 85/85 MP: 5/5
    10 | D        | Reached XP level 6. HP: 94/94 MP: 6/6
    10 | D        | Reached XP level 7. HP: 101/101 MP: 7/7
    10 | D        | Reached XP level 8. HP: 110/110 MP: 8/8
    10 | D        | Reached XP level 9. HP: 117/117 MP: 9/9
    10 | D        | Reached XP level 10. HP: 125/125 MP: 10/10
    10 | D        | Reached XP level 11. HP: 133/133 MP: 11/11
    10 | D        | Reached XP level 12. HP: 141/141 MP: 12/12
    10 | D        | Reached XP level 13. HP: 148/148 MP: 13/13
    10 | D        | Killed a bag of meat
    10 | D        | Killed a bag of meat
    11 | D        | Reached skill level 25 in Fighting
    11 | D        | Reached XP level 14. HP: 124/162 MP: 14/14
    11 | D        | Noticed a bag of meat
    11 | D        | Mangled by a meat berserker

Illustrated notes

Levels and vault maps discovered:
D:        meatsprint

Skill      XL: |  1  2  3  4  5  6  7  8  9 10 11 12 13 |
---------------+----------------------------------------+-----
Fighting       | 23 25 | 25.3
Axes           | 19 21 | 21.5
Armour         | 20 22 | 22.3
Shields        | 20 22 | 22.0

Action                     |  1- 3 |  4- 6 |  7- 9 | 10-12 | 13-15 || total
---------------------------+-------+-------+-------+-------+-------++-------
  Melee: Executioner's axe |     1 |       |       |       |     1 ||     2

Table legend: (Time is in decaauts)
 A = Elapsed time spent in this place.
 B = Non-inter-level travel time spent in this place.
 C = Inter-level travel time spent in this place.
 D = Time resting spent in this place.
 E = Time spent auto-exploring this place.
 F = Levels seen in this place.
 G = Mean time per level.
                   A        B        C        D        E       F      G
               +--------+--------+--------+--------+--------+-----+--------+
         Total |     11 |     11 |      0 |      0 |      0 |   1 |   11.0 |
       Dungeon |     11 |     11 |      0 |      0 |      0 |   1 |   11.0 |
               +--------+--------+--------+--------+--------+-----+--------+

Top non-repeatable levels by time:
       D: 11 daAuts
